 Dungeon Crawl Stone Soup version 0.31.0-1-g2c135a008e (webtiles) character file.

Game seed: 16994018539304432007

84 qw the Shooter (level 4, -8/35 HPs)
             Began as a Djinni Hunter on Jan 24, 2024.
             Mangled by Sigmund
             ... wielding a +0 scythe
              (11 damage)
             ... on level 2 of the Dungeon.
             The game lasted 00:00:04 (1015 turns).

qw the Shooter (Djinni Hunter)                      Turns: 1015, Time: 00:00:04

Health: -8/35      AC:  3    Str: 10    XL:     4   Next: 74%
Gold:   51         EV: 13    Int: 10    God:
                   SH:  0    Dex: 19

rFire   + + .        a - +0 shortbow
rCold   x . .        (shield currently unavailable)
rNeg    . . .        c - +0 leather armour
rPois   inf          (no helmet)
rElec   .            (no cloak)
rCorr   .            (no gloves)
SInv    .            (boots unavailable)
Will    .....        (no amulet)
Stlth   ++           (no ring)
HPRegen 0.25/turn    (no ring)
MPRegen 0.00/turn

%: infuse magic (-9 HP)
@: flying
A: sickness immunity, fire resistance 2, cold vulnerability 1, float, innate
caster, HP casting, extra vitality 1
a: no special abilities


You were on level 2 of the Dungeon.
You visited 1 branch of the dungeon, and saw 2 of its levels.

You collected 51 gold pieces.


Innate Abilities, Weirdness & Mutations

You are immune to sickness and miasma.
You are immune to poison.
Your flesh is very heat resistant. (rF++)
You are vulnerable to cold. (rC-)
You float through the air rather than walking.
You learn spells naturally, not from books.
Your magical power is your life essence.
You have superior vitality. (+4 MHP)


   Skills:
 - Level 3.0 Fighting
 + Level 4.0 Ranged Weapons
 - Level 3.1 Dodging
 - Level 0.7 Stealth


You knew the following spells:

 Your Spells              Type           Power      Damage    Failure   Level
a - Apportation           Tloc           0%         N/A       45%         1
Your spell library was empty.

Inventory:

Hand Weapons
 a - a +0 shortbow (weapon)
Armour
 c - a +0 leather armour (worn)
Scrolls
 e - a scroll of torment {unknown}
 f - a scroll of enchant weapon {unknown}
 g - a scroll of immolation {unknown}
 h - 3 scrolls of vulnerability {unknown}
Potions
 b - a potion of lignification {unknown}
 d - a potion of heal wounds {unknown}
 i - 2 potions of haste {unknown}
 k - a potion of resistance
 l - a potion of enlightenment

Dungeon Overview and Level Annotations

Branches:
Dungeon (2/15)

Altars:

Annotations:
D:2 Sigmund


Message History

You shoot an arrow. The arrow closely misses Sigmund.
You shoot an arrow.
The arrow hits Sigmund but does no damage.
Sigmund barely misses you.
You shoot an arrow. The arrow hits Sigmund!
Sigmund is moderately wounded.
Sigmund hits you from afar with a +0 scythe.
You shoot an arrow.
The arrow hits Sigmund but does no damage.
Sigmund is moderately wounded.
Sigmund points at you and mumbles some strange words.
The magic dart hits you.
You shoot an arrow. The arrow hits Sigmund.
Sigmund is moderately wounded.
Sigmund hits you from afar with a +0 scythe!
You shoot an arrow. The arrow closely misses Sigmund.
Sigmund hits you from afar with a +0 scythe!
You shoot an arrow. The arrow closely misses Sigmund.
Sigmund barely misses you.
You shoot an arrow.
The arrow hits Sigmund but does no damage.
Sigmund is moderately wounded.
Sigmund closely misses you.
You shoot an arrow. The arrow barely misses Sigmund.
Sigmund points at you and mumbles some strange words.
The magic dart hits you.
You shoot an arrow. The arrow hits Sigmund.
Sigmund is moderately wounded.
Sigmund barely misses you.
You shoot an arrow. The arrow hits Sigmund.
Sigmund is heavily wounded.
Sigmund closely misses you.
You shoot an arrow. The arrow barely misses Sigmund.
You shoot an arrow.
The arrow hits Sigmund but does no damage.
Sigmund is heavily wounded.
Sigmund screams, "You will never...
NEVER!!!"
Sigmund hits you from afar with a +0 scythe!
You die...
Sigmund begins carving another notch in his scythe.

#..###.#####
#. #.#...##
#. #.#####
.. #........
.##
######### .w
#@
#.########
#.@......#
########.#
#.# #.# #.#
#.# #.# #.#
#.#


You could see Sigmund and a dart slug.

Vanquished Creatures
  4 gnolls (D:2)
  An adder (D:2)
  2 dart slugs (D:1)
  2 ribbon worms (D:2)
  A ball python (D:1)
  An endoplasm (D:2)
  3 giant cockroaches
  2 goblins
  3 hobgoblins
  3 kobolds (D:2)
  2 quokkas
  3 bats
  A frilled lizard (D:2)
  2 rats (D:1)
30 creatures vanquished.

Notes
Turn   | Place    | Note
-------+----------+-------------------------------------------
     0 | D:1      | qw the Djinni Hunter began the quest for the Orb.
     0 | D:1      | Reached XP level 1. HP: 18/18 MP: 0/0
     0 | D:1      | 0 ||| qw: Version: 0.3-a-136-gdd3b4e8
     0 | D:1      | 0 ||| qw: Game counter: 1377
     0 | D:1      | 0 ||| qw: Melee chars always use a shield: true
     0 | D:1      | 0 ||| qw: God list: Okawaru
     0 | D:1      | 0 ||| qw: Allow faded altars: false
     0 | D:1      | 0 ||| qw: Do Orc after clearing Dungeon:15 true
     0 | D:1      | 0 ||| qw: Do second Lair branch before Depths: true
     0 | D:1      | 0 ||| qw: Lair rune preference: random
     0 | D:1      | 0 ||| qw: Goals: Normal
     0 | D:1      | 0 ||| PLANNING D:1-11
   125 | D:1      | Reached XP level 2. HP: 23/23 MP: 0/0
   419 | D:1      | 419 ||| DROPPING scarf of shadows.
   420 | D:1      | 420 ||| READING scroll labelled NOSUEKK YBLONG.
   421 | D:1      | 421 ||| READING scroll labelled QEHAOL QOTOEJ.
   422 | D:1      | 422 ||| READING scroll labelled XAMNONE TITHRU.
   425 | D:1      | 425 ||| READING 3 scrolls labelled RESMEESINI.
   425 | D:1      | 425 ||| IDENTIFYING green potion
   426 | D:1      | 426 ||| READING 2 scrolls of identify.
   426 | D:1      | 426 ||| IDENTIFYING fizzy silvery potion
   427 | D:1      | 427 ||| READING scroll of identify.
   427 | D:1      | 427 ||| IDENTIFYING brown potion
   428 | D:1      | 428 ||| READING scroll labelled MEUVIR PAEKKI.
   429 | D:1      | 429 ||| DROPPING scroll of butterflies.
   430 | D:1      | 430 ||| DROPPING potion of attraction.
   447 | D:2      | Reached skill level 4 in Ranged Weapons
   447 | D:2      | Reached XP level 3. HP: 22/28 MP: 0/0
   447 | D:2      | Learned a level 1 spell: Apportation
   847 | D:2      | Reached skill level 3 in Fighting
   847 | D:2      | Reached XP level 4. HP: 35/35 MP: 0/0
   867 | D:2      | Reached skill level 3 in Dodging
   999 | D:2      | Noticed Sigmund
  1008 | D:2      | HP: 7/35 [Sigmund/+0 scythe (10)]
  1011 | D:2      | HP: 2/35 [Sigmund/magic dart (6)]
  1015 | D:2      | Mangled by Sigmund

Levels and vault maps discovered:
D:1:      saegor_arrival_simple_c, layout_rooms
D:2:      layout_loops_ring, columned_hall_lemuel, uniq_sigmund

Skill      XL: |  1  2  3  4 |
---------------+-------------+-----
Ranged Weapons | 4 |  4.0
Fighting       | 3 |  3.0
Dodging        | 3 |  3.1
Stealth        | |  0.7

Action                     |  1- 3 |  4- 6 || total
---------------------------+-------+-------++-------
   Fire: Shortbow          |    79 |    37 ||   116
    Use: Scroll            |     7 |       ||     7
 Armour: Leather armour    |    11 |    14 ||    25
  Dodge: Dodged            |    26 |    15 ||    41

Table legend:
 A = Non-vault XP
 B = Vault XP
 C = Vault XP percentage of total XP
 D = Non-vault monster count
 E = Vault monster count
 F = Vault count percentage of total count
                 A         B        C        D         E       F
            +---------+---------+-------+---------+---------+-------
      Total |     121 |       0 |   0.0 |      30 |       0 |   0.0
            +---------+---------+-------+---------+---------+-------
        D:1 |      21 |       0 |   0.0 |      10 |       0 |   0.0
        D:2 |     100 |       0 |   0.0 |      20 |       0 |   0.0
            +---------+---------+-------+---------+---------+-------
